Pick #1

Connor Bedard
Pick #2

Leo Carlsson
Pick #3

Adam Fantilli
Pick #4

Matvei Michkov
Pick #5

David Reinbacher
Pick #6

William Smith
Pick #7

Zachary Benson
Pick #8

Ryan Leonard
Pick #9

Gabriel Perreault
Pick #10

Axel Sandin-Pellika
Pick #11

Daniil But
Pick #12

Dalibor Dvorsky
Pick #13

Quentin Musty
Pick #14

Brayden Yager
Pick #15

Dmitry Simashev
Pick #16

Colby Barlow
Pick #17

Andrew Cristall
Pick #18

Easton Cowan
Pick #19

Jacob Fowler
Pick #20

Oliver Moore
Pick #21

Oliver Bonk
Pick #22

Tom Willander
Pick #23

Calum Ritchie
Pick #24

Tanner Molendyk
Pick #25

Gavin Brindley
Pick #26

Nate Danielson
Pick #27

Pick #28

Pick #29

Pick #30

Pick #31

Pick #32

Pick #33

Pick #34

Pick #35

Pick #36

Pick #37

Pick #38

Pick #39

Pick #40

Pick #41

Pick #42

Pick #43

Pick #44

Pick #45

Pick #46

Pick #47

Pick #48

Pick #49

Pick #50

Pick #51

Pick #52

Pick #53

Pick #54

Pick #55

Pick #56

Pick #57

Pick #58

Pick #59

Pick #60

Pick #61

Pick #62

Pick #63

Pick #64

Pick #65

Pick #66

Pick #67

Pick #68

Pick #69

Pick #70

Pick #71

Pick #72

Pick #73

Pick #74

Pick #75

Pick #76

Pick #77

Pick #78

Pick #79

Pick #80

Pick #81

Pick #82

Pick #83

Pick #84

Pick #85

Pick #86

Pick #87

Pick #88

Pick #89

Pick #90

Pick #91

Pick #92

Pick #93

Pick #94

Pick #95

Pick #96

Pick #97

Pick #98

Pick #99

Pick #100

Pick #101

Pick #102

Pick #103

Pick #104

Pick #105

Pick #106

Pick #107

Pick #108

Pick #109

Pick #110

Pick #111

Pick #112

Pick #113

Pick #114

Pick #115

Pick #116

Pick #117

Pick #118

Pick #119

Pick #120

Pick #121

Pick #122

Pick #123

Pick #124

Pick #125

Pick #126

Pick #127

Pick #128

Pick #129

Pick #130

Full Scoreboard »»

Stars vs Flames

Created - January 17, 2024 at 08:03

Goals
1 2 3 T
Stars 1 0 0 1
Flames 1 0 2 3
Shots
1 2 3 T
Stars 10 13 11 34
Flames 17 6 8 31

GoalsPenalties
1st period
1. Flames , Alex Ovechkin 19 (Alex DeBrincat 9, Erik Gudbranson 12) at 14:35
2. Stars , Dylan Larkin 11 (Vincent Trocheck 19) at 16:05
MacKenzie Weegar (DAL) for Tripping (Minor) at 8:45
Erik Gudbranson (CGY) for Holding (Minor) at 11:12
Elias Lindholm (DAL) for Hooking (Minor) at 19:56
2nd period
No Goal
Pierre-Edouard Bellemare (CGY) for Holding (Minor) at 3:21
3rd period
3. Flames , Esa Lindell 4 (Jordan Eberle 9, Lawson Crouse 24) at 12:59
4. Flames , Alex Ovechkin 20 (Josh Morrissey 31) at 19:40 (Empty Net)
Lawson Crouse (CGY) for Interference (Minor) at 15:33
Goalie Stats
Thatcher Demko (DAL), 28 saves from 30 shots - (0.933), L, 10-9-3, 59:48 minutes
Antti Raanta (CGY), 33 saves from 34 shots - (0.971), W, 4-3-3, 60:00 minutes
3 StarsOfficial
1 - Alex Ovechkin (CGY)
2 - Antti Raanta (CGY)
3 - Josh Morrissey (CGY)
Referees : Mike Sheehan and Jean Hebert
Linesman : Ken Bonham and Kiel Murchison
Game Note
Alex Ovechkin has scored in a empty net!
Finance
Level 1 -- Attendance: 4825 (74.23%) -- Ticket Income $603,125
Level 2 -- Attendance: 4862 (97.24%) -- Ticket Income $364,650
Level 3 -- Attendance: 3130 (89.43%) -- Ticket Income $156,500
Level 4 -- Attendance: 2920 (88.78%) -- Ticket Income $125,560
Luxury Box -- Attendance: 1000 (100.00%) -- Ticket Income $150,000
Game was played at the Scotiabank Saddledome.
Total Attendance: 16737 (86.77%)
Total Ticket Income: $1,399,835
Other Income: $349,959
Total Income: $1,749,794



Team Name Goals Shots Shots Attemp Shots Blocked PIM HIT PP PK FO%
Stars 1347064170 / 3 (0%)053%
Flames 3316176280 / 2 (0%)047%

Stars
Player Name POS G A P +/- PIM HIT SHT SB MP PP MP PP SHT PK MP PK SHT FO% FOT
Anton LundellC0000001011:280:0002:33050% 4
Carter VerhaegheC000-1011115:272:3101:26057% 7
Dylan LarkinC1011004017:292:3110:5200% 0
Elias LindholmC0000211015:360:0001:07069% 16
Evan BouchardD000-1002122:003:3220:0600% 0
Gustav ForslingD000-1001121:473:3802:1200% 0
Jesper BrattLW000-1023019:093:2620:3300% 0
MacKenzie WeegarD0000233021:212:1901:0500% 0
Marcus PetterssonD000-1010017:170:0601:0100% 0
Nazem KadriC000-1004014:342:3100:33038% 16
Nick JensenD000-1001117:560:0001:4600% 0
Rickard RakellRW000000108:550:0000:0000% 0
Sean DurziD0000030019:382:1901:4600% 0
Sidney CrosbyC000-2005019:003:2630:00050% 28
Tanner PearsonLW000002008:550:0000:000100% 2
Timo MeierRW000-2025119:003:2610:0000% 1
Viktor ArvidssonRW000-1002011:300:0000:00050% 4
Vincent TrocheckC0111020114:580:0000:5200% 0
Flames
Player Name POS G A P +/- PIM HIT SHT SB MP PP MP PP SHT PK MP PK SHT FO% FOT
Adam LarssonD0000041122:072:0102:4900% 0
Alex DeBrincatRW0112001119:531:5710:0000% 0
Alex OvechkinLW2022056020:451:5700:460100% 1
Calvin de HaanD0001010014:440:0000:0000% 0
Erik GudbransonD0111211115:340:0002:0400% 0
Esa LindellD1010001119:182:0100:0000% 0
Jakub VranaLW000002005:302:0103:2900% 1
Jared SpurgeonD0001011023:091:5703:0800% 0
Jordan EberleRW0110004018:120:0000:00067% 3
Jordan KyrouC0000001015:582:0100:000100% 2
Jordan StaalC0000002017:400:0003:21050% 30
Josh MorrisseyD0111083324:221:5713:0800% 0
Lawson CrouseLW0110244018:110:0000:0000% 0
Pierre-Edouard BellemareLW0000200015:320:0001:4200% 1
Ryan LindgrenD000000000:450:0000:4500% 0
Sean KuralyC000000002:360:0002:3600% 1
Sebastian AhoC0002011019:531:5700:00042% 19
Steven StamkosC0000015019:512:0110:00045% 20



Play-by-Play

1st period


0:01 of 1st period - Sidney Crosby wins face-off versus Sebastian Aho in neutral zone.
0:04 of 1st period - Josh Morrissey is hit by Timo Meier and loses puck.
0:31 of 1st period - Shot by Sidney Crosby.
0:31 of 1st period - Deflect By Timo Meier.
0:31 of 1st period - Stopped by Antti Raanta without a rebound.
0:32 of 1st period - Elias Lindholm wins face-off versus Steven Stamkos in Flames zone.
0:40 of 1st period - Icing by Sean Durzi.
0:41 of 1st period - Elias Lindholm wins face-off versus Jordan Staal in Stars zone.
0:52 of 1st period - Shot by Dylan Larkin.
0:52 of 1st period - Stopped by Antti Raanta without a rebound.
0:53 of 1st period - Jordan Eberle wins face-off versus Viktor Arvidsson in Flames zone.
1:06 of 1st period - Shot by Steven Stamkos.
1:06 of 1st period - Deflect By Jordan Eberle.
1:06 of 1st period - Stopped by Thatcher Demko without a rebound.
1:07 of 1st period - Jordan Staal wins face-off versus Anton Lundell in Stars zone.
1:14 of 1st period - Shot by Tanner Pearson.
1:14 of 1st period - Shot Hit the Post.
1:16 of 1st period - Shot by Anton Lundell.
1:16 of 1st period - Shot Misses the Net.
1:18 of 1st period - Shot by Anton Lundell.
1:18 of 1st period - Stopped by Antti Raanta without a rebound.
1:19 of 1st period - Jordan Eberle wins face-off versus Viktor Arvidsson in Flames zone.
1:33 of 1st period - Icing by Carter Verhaeghe.
1:34 of 1st period - Nazem Kadri wins face-off versus Sebastian Aho in Stars zone.
1:36 of 1st period - Icing by Viktor Arvidsson.
1:37 of 1st period - Jordan Kyrou wins face-off versus Nazem Kadri in Stars zone.
1:42 of 1st period - Shot by Alex Ovechkin.
1:42 of 1st period - Stopped by Thatcher Demko without a rebound.
1:43 of 1st period - Elias Lindholm wins face-off versus Jordan Staal in Stars zone.
3:10 of 1st period - Shot by MacKenzie Weegar.
3:10 of 1st period - Stopped by Antti Raanta without a rebound.
3:11 of 1st period - Steven Stamkos wins face-off versus Anton Lundell in Flames zone.
3:48 of 1st period - Shot by Jordan Eberle.
3:48 of 1st period - Shot Misses the Net.
4:45 of 1st period - Josh Morrissey is hit by MacKenzie Weegar.
4:54 of 1st period - Viktor Arvidsson is hit by Josh Morrissey and loses puck.
5:05 of 1st period - Shot by Viktor Arvidsson.
5:05 of 1st period - Shot Hit the Post.
6:01 of 1st period - Shot by Steven Stamkos.
6:01 of 1st period - Deflect By Jordan Eberle.
6:01 of 1st period - Shot Misses the Net.
6:05 of 1st period - Shot by Lawson Crouse.
6:05 of 1st period - Stopped by Thatcher Demko with a rebound.
6:07 of 1st period - Shot by Steven Stamkos.
6:07 of 1st period - Shot Blocked by Timo Meier.
6:21 of 1st period - Shot by Lawson Crouse.
6:21 of 1st period - Deflect By Jordan Eberle.
6:21 of 1st period - Stopped by Thatcher Demko with a rebound.
6:23 of 1st period - Shot by Lawson Crouse.
6:23 of 1st period - Stopped by Thatcher Demko without a rebound.
6:24 of 1st period - Jordan Staal wins face-off versus Elias Lindholm in Stars zone.
6:31 of 1st period - Esa Lindell is hit by Vincent Trocheck and loses puck.
7:57 of 1st period - Icing by Steven Stamkos.
7:58 of 1st period - Steven Stamkos wins face-off versus Sidney Crosby in Flames zone.
8:05 of 1st period - Shot by Jordan Eberle.
8:05 of 1st period - Stopped by Thatcher Demko without a rebound.
8:06 of 1st period - Sebastian Aho wins face-off versus Elias Lindholm in Stars zone.
8:34 of 1st period - Shot by Dylan Larkin.
8:34 of 1st period - Stopped by Antti Raanta without a rebound.
8:35 of 1st period - Jordan Staal wins face-off versus Sidney Crosby in Flames zone.
8:45 of 1st period - Minor Penalty to MacKenzie Weegar for Tripping.
8:46 of 1st period - Steven Stamkos wins face-off versus Elias Lindholm in Stars zone.
9:37 of 1st period - Gustav Forsling is hit by Jakub Vrana and loses puck.
10:14 of 1st period - Shot by Josh Morrissey.
10:14 of 1st period - Shot Misses the Net.
10:58 of 1st period - Sidney Crosby is hit by Erik Gudbranson and loses puck.
11:12 of 1st period - Minor Penalty to Erik Gudbranson for Holding.
11:13 of 1st period - Jordan Staal wins face-off versus Nazem Kadri in Flames zone.
11:57 of 1st period - Sean Durzi is hit by Adam Larsson and loses puck.
12:02 of 1st period - Shot by Jesper Bratt.
12:02 of 1st period - Stopped by Antti Raanta without a rebound.
12:03 of 1st period - Sidney Crosby wins face-off versus Jordan Staal in Flames zone.
12:27 of 1st period - Shot by Sidney Crosby.
12:27 of 1st period - Stopped by Antti Raanta without a rebound.
12:28 of 1st period - Nazem Kadri wins face-off versus Jordan Staal in Flames zone.
13:04 of 1st period - Dylan Larkin is hit by Jared Spurgeon and loses puck.
13:57 of 1st period - Shot by Rickard Rakell.
13:57 of 1st period - Stopped by Antti Raanta with a rebound.
14:15 of 1st period - Anton Lundell is hit by Alex Ovechkin and loses puck.
14:35 of 1st period - Shot by Alex Ovechkin.
14:35 of 1st period - Goal by Alex Ovechkin - Stars : 0 - Flames : 1.
14:36 of 1st period - Nazem Kadri wins face-off versus Jordan Staal in neutral zone.
14:46 of 1st period - Shot by Jordan Kyrou.
14:46 of 1st period - Stopped by Thatcher Demko without a rebound.
14:47 of 1st period - Elias Lindholm wins face-off versus Sebastian Aho in Stars zone.
14:47 of 1st period - Elias Lindholm is hit by Alex Ovechkin.
15:11 of 1st period - Shot by Sebastian Aho.
15:11 of 1st period - Deflect By Alex Ovechkin.
15:11 of 1st period - Stopped by Thatcher Demko without a rebound.
15:12 of 1st period - Steven Stamkos wins face-off versus Sidney Crosby in Stars zone.
15:17 of 1st period - Shot by Steven Stamkos.
15:17 of 1st period - Stopped by Thatcher Demko without a rebound.
15:18 of 1st period - Steven Stamkos wins face-off versus Sidney Crosby in Stars zone.
15:19 of 1st period - Shot by Lawson Crouse.
15:19 of 1st period - Stopped by Thatcher Demko with a rebound.
15:21 of 1st period - Shot by Adam Larsson.
15:21 of 1st period - Stopped by Thatcher Demko without a rebound.
15:22 of 1st period - Alex Ovechkin wins face-off versus Sidney Crosby in Stars zone.
15:23 of 1st period - Shot by Alex DeBrincat.
15:23 of 1st period - Shot Misses the Net.
15:34 of 1st period - Sidney Crosby is hit by Josh Morrissey and loses puck.
15:53 of 1st period - Shot by Sidney Crosby.
15:53 of 1st period - Stopped by Antti Raanta without a rebound.
15:54 of 1st period - Elias Lindholm wins face-off versus Steven Stamkos in Flames zone.
16:05 of 1st period - Shot by Dylan Larkin.
16:05 of 1st period - Goal by Dylan Larkin - Stars : 1 - Flames : 1.
16:06 of 1st period - Jordan Staal wins face-off versus Nazem Kadri in neutral zone.
16:39 of 1st period - Shot by Jordan Kyrou.
16:39 of 1st period - Shot Misses the Net.
16:47 of 1st period - Shot by Jordan Kyrou.
16:47 of 1st period - Deflect By Jordan Staal.
16:47 of 1st period - Shot Blocked by Gustav Forsling.
16:49 of 1st period - Shot by Erik Gudbranson.
16:49 of 1st period - Stopped by Thatcher Demko without a rebound.
16:50 of 1st period - Elias Lindholm wins face-off versus Sebastian Aho in Stars zone.
16:50 of 1st period - Elias Lindholm is hit by Alex Ovechkin.
17:00 of 1st period - Shot by Jared Spurgeon.
17:00 of 1st period - Stopped by Thatcher Demko with a rebound.
17:31 of 1st period - Shot by Alex Ovechkin.
17:31 of 1st period - Stopped by Thatcher Demko without a rebound.
17:32 of 1st period - Steven Stamkos wins face-off versus Timo Meier in Stars zone.
18:00 of 1st period - Shot by Steven Stamkos.
18:00 of 1st period - Shot Misses the Net.
19:14 of 1st period - Shot by Sebastian Aho.
19:14 of 1st period - Stopped by Thatcher Demko without a rebound.
19:15 of 1st period - Elias Lindholm wins face-off versus Sebastian Aho in Stars zone.
19:27 of 1st period - Shot by Dylan Larkin.
19:27 of 1st period - Shot Misses the Net.
19:43 of 1st period - Shot by Elias Lindholm.
19:43 of 1st period - Shot Blocked by Josh Morrissey.
19:56 of 1st period - Minor Penalty to Elias Lindholm for Hooking.
19:57 of 1st period - Jordan Kyrou wins face-off versus Carter Verhaeghe in Stars zone.
19:58 of 1st period - Shot by Steven Stamkos.
19:58 of 1st period - Stopped by Thatcher Demko without a rebound.
19:59 of 1st period - Steven Stamkos wins face-off versus Carter Verhaeghe in Stars zone.
Goals for this period are 1 for Stars vs 1 for Flames.
Shots for this period are 10 for Stars vs 17 for Flames.

2nd period


0:01 of 2nd period - Carter Verhaeghe wins face-off versus Sebastian Aho in neutral zone.
0:12 of 2nd period - Carter Verhaeghe is hit by Alex Ovechkin and loses puck.
0:25 of 2nd period - Shot by Alex Ovechkin.
0:25 of 2nd period - Shot Misses the Net.
0:27 of 2nd period - Shot by Josh Morrissey.
0:27 of 2nd period - Stopped by Thatcher Demko without a rebound.
0:28 of 2nd period - Carter Verhaeghe wins face-off versus Steven Stamkos in Stars zone.
0:28 of 2nd period - Carter Verhaeghe is hit by Jakub Vrana.
0:38 of 2nd period - Jordan Kyrou is hit by Carter Verhaeghe and loses puck.
1:05 of 2nd period - Gustav Forsling is hit by Steven Stamkos and loses puck.
1:38 of 2nd period - Shot by Josh Morrissey.
1:38 of 2nd period - Shot Misses the Net.
1:40 of 2nd period - Shot by Alex DeBrincat.
1:40 of 2nd period - Stopped by Thatcher Demko without a rebound.
1:41 of 2nd period - Sebastian Aho wins face-off versus Carter Verhaeghe in Stars zone.
2:04 of 2nd period - Shot by Lawson Crouse.
2:04 of 2nd period - Deflect By Steven Stamkos.
2:04 of 2nd period - Shot Blocked by Evan Bouchard.
2:12 of 2nd period - Shot by Jordan Eberle.
2:12 of 2nd period - Shot Misses the Net.
2:14 of 2nd period - Shot by Jordan Eberle.
2:14 of 2nd period - Shot Misses the Net.
2:44 of 2nd period - Vincent Trocheck is hit by Lawson Crouse and loses puck.
3:08 of 2nd period - Icing by Adam Larsson.
3:09 of 2nd period - Jordan Staal wins face-off versus Sidney Crosby in Flames zone.
3:21 of 2nd period - Minor Penalty to Pierre-Edouard Bellemare for Holding.
3:22 of 2nd period - Sidney Crosby wins face-off versus Jordan Staal in Flames zone.
4:25 of 2nd period - Shot by Dylan Larkin.
4:25 of 2nd period - Deflect By Nazem Kadri.
4:25 of 2nd period - Shot Blocked by Erik Gudbranson.
4:31 of 2nd period - Shot by Nazem Kadri.
4:31 of 2nd period - Shot Misses the Net.
4:42 of 2nd period - Off-side.
4:43 of 2nd period - Sidney Crosby wins face-off versus Jordan Staal in neutral zone.
4:48 of 2nd period - Shot by Jesper Bratt.
4:48 of 2nd period - Deflect By Timo Meier.
4:48 of 2nd period - Stopped by Antti Raanta without a rebound.
4:49 of 2nd period - Jordan Staal wins face-off versus Sidney Crosby in Flames zone.
5:32 of 2nd period - Shot by Steven Stamkos.
5:32 of 2nd period - Stopped by Thatcher Demko with a rebound.
6:15 of 2nd period - Off-side.
6:16 of 2nd period - Sebastian Aho wins face-off versus Elias Lindholm in neutral zone.
6:24 of 2nd period - Sean Durzi is hit by Josh Morrissey and loses puck.
6:48 of 2nd period - Elias Lindholm is hit by Josh Morrissey and loses puck.
7:28 of 2nd period - Shot by Jesper Bratt.
7:28 of 2nd period - Shot Misses the Net.
7:30 of 2nd period - Shot by Sidney Crosby.
7:30 of 2nd period - Stopped by Antti Raanta with a rebound.
7:42 of 2nd period - Shot by Jesper Bratt.
7:42 of 2nd period - Shot Blocked by Josh Morrissey.
7:46 of 2nd period - Shot by Jesper Bratt.
7:46 of 2nd period - Shot Misses the Net.
8:02 of 2nd period - Shot by Viktor Arvidsson.
8:02 of 2nd period - Stopped by Antti Raanta with a rebound.
8:26 of 2nd period - Shot by Carter Verhaeghe.
8:26 of 2nd period - Stopped by Antti Raanta with a rebound.
8:28 of 2nd period - Shot by Nick Jensen.
8:28 of 2nd period - Stopped by Antti Raanta with a rebound.
9:35 of 2nd period - Sidney Crosby is hit by Josh Morrissey and loses puck.
10:01 of 2nd period - Shot by Timo Meier.
10:01 of 2nd period - Stopped by Antti Raanta with a rebound.
10:03 of 2nd period - Shot by MacKenzie Weegar.
10:03 of 2nd period - Stopped by Antti Raanta without a rebound.
10:04 of 2nd period - Elias Lindholm wins face-off versus Steven Stamkos in Flames zone.
10:15 of 2nd period - Shot by Dylan Larkin.
10:15 of 2nd period - Shot Misses the Net.
10:47 of 2nd period - Shot by Vincent Trocheck.
10:47 of 2nd period - Shot Misses the Net.
10:49 of 2nd period - Shot by Marcus Pettersson.
10:49 of 2nd period - Shot Misses the Net.
11:05 of 2nd period - Shot by Nazem Kadri.
11:05 of 2nd period - Shot Misses the Net.
11:07 of 2nd period - Shot by Nazem Kadri.
11:07 of 2nd period - Stopped by Antti Raanta with a rebound.
11:11 of 2nd period - Shot by Viktor Arvidsson.
11:11 of 2nd period - Shot Misses the Net.
11:15 of 2nd period - Shot by Nazem Kadri.
11:15 of 2nd period - Deflect By Viktor Arvidsson.
11:15 of 2nd period - Stopped by Antti Raanta without a rebound.
11:16 of 2nd period - Sidney Crosby wins face-off versus Jordan Staal in Flames zone.
11:31 of 2nd period - Shot by Sidney Crosby.
11:31 of 2nd period - Shot Misses the Net.
11:33 of 2nd period - Shot by Timo Meier.
11:33 of 2nd period - Shot Misses the Net.
11:35 of 2nd period - Shot by MacKenzie Weegar.
11:35 of 2nd period - Shot Misses the Net.
11:37 of 2nd period - Shot by MacKenzie Weegar.
11:37 of 2nd period - Stopped by Antti Raanta without a rebound.
11:38 of 2nd period - Viktor Arvidsson wins face-off versus Jordan Staal in Flames zone.
11:38 of 2nd period - Gustav Forsling is hit by Calvin de Haan and loses puck.
12:19 of 2nd period - Icing by Nazem Kadri.
12:20 of 2nd period - Carter Verhaeghe wins face-off versus Steven Stamkos in Stars zone.
12:20 of 2nd period - Carter Verhaeghe is hit by Lawson Crouse.
12:32 of 2nd period - Shot by Nazem Kadri.
12:32 of 2nd period - Stopped by Antti Raanta with a rebound.
12:57 of 2nd period - Jesper Bratt is hit by Adam Larsson and loses puck.
13:11 of 2nd period - Sidney Crosby is hit by Adam Larsson and loses puck.
13:20 of 2nd period - Shot by Sidney Crosby.
13:20 of 2nd period - Shot Misses the Net.
13:44 of 2nd period - Shot by Elias Lindholm.
13:44 of 2nd period - Shot Misses the Net.
13:46 of 2nd period - Shot by Elias Lindholm.
13:46 of 2nd period - Shot Blocked by Esa Lindell.
13:48 of 2nd period - Shot by Elias Lindholm.
13:48 of 2nd period - Stopped by Antti Raanta without a rebound.
13:49 of 2nd period - Tanner Pearson wins face-off versus Jordan Staal in Flames zone.
13:56 of 2nd period - Shot by Anton Lundell.
13:56 of 2nd period - Shot Misses the Net.
14:03 of 2nd period - Erik Gudbranson is hit by Sean Durzi and loses puck.
14:20 of 2nd period - Shot by Erik Gudbranson.
14:20 of 2nd period - Shot Misses the Net.
14:42 of 2nd period - Jordan Staal is hit by Vincent Trocheck and loses puck.
14:49 of 2nd period - Pierre-Edouard Bellemare is hit by Elias Lindholm and loses puck.
15:31 of 2nd period - Shot by Alex Ovechkin.
15:31 of 2nd period - Shot Misses the Net.
16:18 of 2nd period - Off-side.
16:19 of 2nd period - Jordan Staal wins face-off versus Nazem Kadri in neutral zone.
16:26 of 2nd period - Shot by Jordan Staal.
16:26 of 2nd period - Shot Misses the Net.
16:32 of 2nd period - Shot by Jordan Staal.
16:32 of 2nd period - Stopped by Thatcher Demko without a rebound.
16:33 of 2nd period - Elias Lindholm wins face-off versus Sebastian Aho in Stars zone.
17:14 of 2nd period - Shot by Vincent Trocheck.
17:14 of 2nd period - Shot Blocked by Adam Larsson.
17:36 of 2nd period - Shot by Jordan Kyrou.
17:36 of 2nd period - Shot Blocked by Nick Jensen.
18:23 of 2nd period - Off-side.
18:24 of 2nd period - Sebastian Aho wins face-off versus Sidney Crosby in neutral zone.
18:39 of 2nd period - Shot by Jesper Bratt.
18:39 of 2nd period - Stopped by Antti Raanta without a rebound.
18:40 of 2nd period - Carter Verhaeghe wins face-off versus Jordan Staal in Flames zone.
19:16 of 2nd period - Icing by Jordan Kyrou.
19:17 of 2nd period - Jordan Staal wins face-off versus Sidney Crosby in Flames zone.
19:37 of 2nd period - Shot by Josh Morrissey.
19:37 of 2nd period - Stopped by Thatcher Demko with a rebound.
19:39 of 2nd period - Shot by Steven Stamkos.
19:39 of 2nd period - Stopped by Thatcher Demko with a rebound.
19:48 of 2nd period - Off-side.
19:49 of 2nd period - Anton Lundell wins face-off versus Sebastian Aho in neutral zone.
Goals for this period are 0 for Stars vs 0 for Flames.
Shots for this period are 13 for Stars vs 6 for Flames.

3rd period


0:01 of 3rd period - Sidney Crosby wins face-off versus Steven Stamkos in neutral zone.
0:01 of 3rd period - MacKenzie Weegar is hit by Lawson Crouse.
0:03 of 3rd period - Shot by Timo Meier.
0:03 of 3rd period - Stopped by Antti Raanta without a rebound.
0:04 of 3rd period - Sidney Crosby wins face-off versus Steven Stamkos in Flames zone.
0:17 of 3rd period - Shot by Jordan Eberle.
0:17 of 3rd period - Stopped by Thatcher Demko without a rebound.
0:18 of 3rd period - Nazem Kadri wins face-off versus Sebastian Aho in Stars zone.
0:39 of 3rd period - Shot by Gustav Forsling.
0:39 of 3rd period - Stopped by Antti Raanta without a rebound.
0:40 of 3rd period - Sidney Crosby wins face-off versus Jordan Eberle in Flames zone.
1:05 of 3rd period - Shot by Lawson Crouse.
1:05 of 3rd period - Stopped by Thatcher Demko without a rebound.
1:06 of 3rd period - Sebastian Aho wins face-off versus Nazem Kadri in Stars zone.
1:07 of 3rd period - Shot by Jared Spurgeon.
1:07 of 3rd period - Shot Misses the Net.
1:15 of 3rd period - Icing by Sean Durzi.
1:16 of 3rd period - Jordan Staal wins face-off versus Nazem Kadri in Stars zone.
1:20 of 3rd period - Pierre-Edouard Bellemare is hit by Sean Durzi and loses puck.
1:34 of 3rd period - Jordan Kyrou is hit by Sean Durzi and loses puck.
1:43 of 3rd period - Shot by Jordan Staal.
1:43 of 3rd period - Stopped by Thatcher Demko with a rebound.
1:45 of 3rd period - Shot by Pierre-Edouard Bellemare.
1:45 of 3rd period - Shot Blocked by Carter Verhaeghe.
1:51 of 3rd period - Shot by Jordan Kyrou.
1:51 of 3rd period - Shot Misses the Net.
1:53 of 3rd period - Shot by Pierre-Edouard Bellemare.
1:53 of 3rd period - Shot Misses the Net.
1:55 of 3rd period - Shot by Pierre-Edouard Bellemare.
1:55 of 3rd period - Shot Misses the Net.
1:57 of 3rd period - Shot by Josh Morrissey.
1:57 of 3rd period - Stopped by Thatcher Demko without a rebound.
1:58 of 3rd period - Steven Stamkos wins face-off versus Sidney Crosby in Stars zone.
3:31 of 3rd period - Marcus Pettersson is hit by Alex Ovechkin and loses puck.
3:37 of 3rd period - Off-side.
3:38 of 3rd period - Jordan Staal wins face-off versus Nazem Kadri in neutral zone.
3:43 of 3rd period - Shot by Pierre-Edouard Bellemare.
3:43 of 3rd period - Shot Misses the Net.
4:42 of 3rd period - Jordan Eberle is hit by MacKenzie Weegar and loses puck.
4:58 of 3rd period - Lawson Crouse is hit by Tanner Pearson.
5:06 of 3rd period - Adam Larsson is hit by Tanner Pearson and loses puck.
5:12 of 3rd period - Jordan Eberle is hit by MacKenzie Weegar and loses puck.
5:15 of 3rd period - Shot by Steven Stamkos.
5:15 of 3rd period - Shot Misses the Net.
5:21 of 3rd period - Shot by Steven Stamkos.
5:21 of 3rd period - Stopped by Thatcher Demko without a rebound.
5:22 of 3rd period - Sebastian Aho wins face-off versus Sidney Crosby in Stars zone.
5:23 of 3rd period - Shot by Alex Ovechkin.
5:23 of 3rd period - Stopped by Thatcher Demko without a rebound.
5:24 of 3rd period - Sebastian Aho wins face-off versus Sidney Crosby in Stars zone.
5:49 of 3rd period - Timo Meier is hit by Sebastian Aho and loses puck.
5:57 of 3rd period - Shot by Jesper Bratt.
5:57 of 3rd period - Shot Blocked by Alex DeBrincat.
6:24 of 3rd period - Icing by Timo Meier.
6:25 of 3rd period - Sidney Crosby wins face-off versus Steven Stamkos in Stars zone.
6:30 of 3rd period - Adam Larsson is hit by Jesper Bratt.
6:34 of 3rd period - Nick Jensen is hit by Lawson Crouse and loses puck.
7:26 of 3rd period - Off-side.
7:27 of 3rd period - Sebastian Aho wins face-off versus Nazem Kadri in neutral zone.
7:48 of 3rd period - Shot by Nazem Kadri.
7:48 of 3rd period - Stopped by Antti Raanta without a rebound.
7:49 of 3rd period - Elias Lindholm wins face-off versus Jordan Staal in Flames zone.
7:56 of 3rd period - Shot by Pierre-Edouard Bellemare.
7:56 of 3rd period - Shot Misses the Net.
8:33 of 3rd period - Shot by Jordan Staal.
8:33 of 3rd period - Shot Misses the Net.
8:42 of 3rd period - Off-side.
8:43 of 3rd period - Viktor Arvidsson wins face-off versus Sebastian Aho in neutral zone.
10:42 of 3rd period - Icing by Vincent Trocheck.
10:43 of 3rd period - Jordan Staal wins face-off versus Elias Lindholm in Stars zone.
10:46 of 3rd period - Shot by Pierre-Edouard Bellemare.
10:46 of 3rd period - Shot Misses the Net.
11:18 of 3rd period - Shot by Jordan Staal.
11:18 of 3rd period - Shot Misses the Net.
11:20 of 3rd period - Shot by Calvin de Haan.
11:20 of 3rd period - Shot Blocked by Vincent Trocheck.
11:22 of 3rd period - Shot by Erik Gudbranson.
11:22 of 3rd period - Shot Misses the Net.
11:50 of 3rd period - Shot by Nazem Kadri.
11:50 of 3rd period - Stopped by Antti Raanta without a rebound.
11:51 of 3rd period - Sidney Crosby wins face-off versus Sebastian Aho in Flames zone.
11:54 of 3rd period - Shot by Sidney Crosby.
11:54 of 3rd period - Shot Misses the Net.
12:36 of 3rd period - Shot by Timo Meier.
12:36 of 3rd period - Stopped by Antti Raanta without a rebound.
12:37 of 3rd period - Nazem Kadri wins face-off versus Steven Stamkos in Flames zone.
12:38 of 3rd period - Shot by Carter Verhaeghe.
12:38 of 3rd period - Shot Misses the Net.
12:59 of 3rd period - Shot by Esa Lindell.
12:59 of 3rd period - Goal by Esa Lindell - Stars : 1 - Flames : 2.
13:00 of 3rd period - Elias Lindholm wins face-off versus Jordan Staal in neutral zone.
13:26 of 3rd period - Shot by Vincent Trocheck.
13:26 of 3rd period - Shot Misses the Net.
13:28 of 3rd period - Shot by Vincent Trocheck.
13:28 of 3rd period - Shot Misses the Net.
14:18 of 3rd period - Alex Ovechkin is hit by Jesper Bratt and loses puck.
14:36 of 3rd period - Off-side.
14:37 of 3rd period - Steven Stamkos wins face-off versus Nazem Kadri in neutral zone.
14:46 of 3rd period - Nick Jensen is hit by Josh Morrissey.
14:49 of 3rd period - Icing by Josh Morrissey.
14:50 of 3rd period - Anton Lundell wins face-off versus Steven Stamkos in Flames zone.
14:54 of 3rd period - Rickard Rakell is hit by Josh Morrissey and loses puck.
15:33 of 3rd period - Minor Penalty to Lawson Crouse for Interference.
15:34 of 3rd period - Sidney Crosby wins face-off versus Jordan Staal in Flames zone.
15:37 of 3rd period - Shot by Jesper Bratt.
15:37 of 3rd period - Shot Hit the Post.
15:39 of 3rd period - Shot by Sidney Crosby.
15:39 of 3rd period - Deflect By Timo Meier.
15:39 of 3rd period - Shot Misses the Net.
15:41 of 3rd period - Shot by Gustav Forsling.
15:41 of 3rd period - Shot Misses the Net.
15:43 of 3rd period - Shot by Sidney Crosby.
15:43 of 3rd period - Stopped by Antti Raanta without a rebound.
15:44 of 3rd period - Jordan Staal wins face-off versus Sidney Crosby in Flames zone.
15:53 of 3rd period - Shot by Sidney Crosby.
15:53 of 3rd period - Stopped by Antti Raanta without a rebound.
15:54 of 3rd period - Sidney Crosby wins face-off versus Jakub Vrana in Flames zone.
16:03 of 3rd period - Shot by Evan Bouchard.
16:03 of 3rd period - Stopped by Antti Raanta without a rebound.
16:04 of 3rd period - Jordan Staal wins face-off versus Sidney Crosby in Flames zone.
16:04 of 3rd period - Jordan Staal is hit by Timo Meier.
17:07 of 3rd period - Carter Verhaeghe is hit by Josh Morrissey and loses puck.
17:12 of 3rd period - Shot by Nazem Kadri.
17:12 of 3rd period - Shot Misses the Net.
17:14 of 3rd period - Shot by Evan Bouchard.
17:14 of 3rd period - Shot Misses the Net.
17:16 of 3rd period - Shot by Gustav Forsling.
17:16 of 3rd period - Shot Misses the Net.
17:18 of 3rd period - Shot by Gustav Forsling.
17:18 of 3rd period - Shot Blocked by Josh Morrissey.
17:20 of 3rd period - Shot by Carter Verhaeghe.
17:20 of 3rd period - Shot Misses the Net.
17:22 of 3rd period - Shot by Evan Bouchard.
17:22 of 3rd period - Stopped by Antti Raanta without a rebound.
17:23 of 3rd period - Nazem Kadri wins face-off versus Sean Kuraly in Flames zone.
17:28 of 3rd period - Shot by Dylan Larkin.
17:28 of 3rd period - Stopped by Antti Raanta without a rebound.
17:29 of 3rd period - Sidney Crosby wins face-off versus Pierre-Edouard Bellemare in Flames zone.
17:30 of 3rd period - Shot by Jesper Bratt.
17:30 of 3rd period - Stopped by Antti Raanta without a rebound.
17:31 of 3rd period - Sidney Crosby wins face-off versus Jordan Staal in Flames zone.
17:31 of 3rd period - Sean Durzi is hit by Adam Larsson and loses puck.
18:01 of 3rd period - Icing by Anton Lundell.
18:02 of 3rd period - Tanner Pearson wins face-off versus Steven Stamkos in Stars zone.
18:35 of 3rd period - Jordan Eberle is hit by Marcus Pettersson and loses puck.
19:28 of 3rd period - Stars, Thatcher Demko is pulled from the net.
19:40 of 3rd period - Shot by Alex Ovechkin.
19:40 of 3rd period - Goal by Alex Ovechkin - Stars : 1 - Flames : 3.
19:40 of 3rd period - Thatcher Demko from Stars was sent back in the game.
19:41 of 3rd period - Jordan Staal wins face-off versus Nazem Kadri in neutral zone.
Goals for this period are 0 for Stars vs 2 for Flames.
Shots for this period are 11 for Stars vs 8 for Flames.